 Adventure DCSS version bcrawl-1.17.3 (webtiles) character file.

Game seed: 1345493128916749753

0 polve the Sneak (level 1, -1/11 HPs)
             Began as a Vine Stalker Archaeologist on Oct 27, 2019.
             Killed from afar by a dart slug (5 damage)
             ... with a slug dart
             ... on level 2 of the Dungeon.
             The game lasted 00:01:27 (868 turns).

polve the Sneak (Vine Stalker Archaeologist)         Turns: 868, Time: 00:01:27

Health: -1/11      AC:  6    Str: 14    XL:     1   Next: 10%
Magic:  2/2        EV: 13    Int: 14    God:
Gold:   115        SH:  0    Dex: 12    Spells: 0/0 levels left
                                        Lives:  0   Deaths: 2

rFire    + . .     SeeInvis .   a - +0 whip
rCold    . . .     Gourm    .   (no shield)
rNeg     . . .     Faith    .   b - +1 robe
rPois    .         Spirit   .   c - +1 hat
rElec    .         Reflect  .   (no cloak)
rCorr    .         Harm     .   (no gloves)
MR       .....                  d - +1 pair of boots
Stlth    +++.......             (no amulet)
HPRegen  0.43/turn              k - ring of protection from fire (curse)
MPRegen  0.08/turn              (no ring)

@: studying Armour
A: fangs 2, regeneration 1, no potion heal 3, rot immunity, strong jaws
a: no special abilities


You were on level 2 of the Dungeon.
You were not hungry.

You visited 1 branch of the dungeon, and saw 2 of its levels.

You collected 115 gold pieces.

Inventory:

Hand Weapons
 a - a +0 whip (weapon)
Armour
 b - a +1 robe (worn)
 c - a +1 hat (worn)
 d - a +1 pair of boots (worn)
Jewellery
 k - a cursed ring of protection from fire (left hand)
Scrolls
 h - a scroll of immolation {unknown}
 l - a scroll of remove curse {unknown}
Potions
 i - a potion of lignification {unknown}
 j - a potion of resistance {unknown}
 m - a potion of magic {unknown}
Books
 e - a manual of Armour
Miscellaneous
 f - an ancient crate
Comestibles
 g - 3 rations {!d}


   Skills:
 - Level 0.8 Fighting
 - Level 1.1 Maces & Flails
 + Level 1.0 Armour
 - Level 3.4 Dodging
 - Level 5.2 Stealth


You couldn't memorise any spells.
You didn't know any spells.
Your spell library was empty.

Dungeon Overview and Level Annotations

Branches:
Dungeon (2/12)

Altars:

Annotations:
D:2 Sigmund


Innate Abilities, Weirdness & Mutations

You have extremely sharp teeth.
Your natural rate of healing is unusually fast.
Potions cannot restore your health.
You are immune to rotting.
Your bites deal extra damage.


Message History

The dart slug bites you. The dart slug closely misses you.
The dart slug barely misses you. The dart slug misses you.
The dart slug bites you. The dart slug launches a dart at you.
The slug dart hits you! The dart slug misses you.
The dart slug launches a dart at you. The slug dart hits you!
The dart slug launches a dart at you. The slug dart hits you!
* * * LOW HITPOINT WARNING * * *
The dart slug barely misses you. The dart slug launches a dart at you.
The slug dart misses you. The dart slug closely misses you.
The dart slug launches a dart at you. The slug dart hits you!
You die...

###..#.....#
.......#?..#
#...$....####
###.####......#
...........##.#
....####...# #
. #.....#
#.#..## #@#..#
......w........
......#.##.####
####..#.# .# #!
#.. .# .. ###
.# ##


You could see a dart slug.

Vanquished Creatures
  3 dart slugs (D:1)
  2 leopard geckos (D:1)
  2 goblins (D:1)
  6 hobgoblins (D:1)
  4 bats (D:1)
  A frilled lizard (D:1)
  A kobold (D:1)
  2 rats (D:1)
21 creatures vanquished.

Notes
Turn   | Place    | Note
-------+----------+-------------------------------------------
     0 | D:1      | polve the Vine Stalker Archaeologist began the quest for
                  | the Orb.
     0 | D:1      | Reached XP level 1. HP: 11/11 MP: 2/2
    79 | D:1      | Reached XP level 2. HP: 16/16 MP: 3/3
   133 | D:1      | Reached skill level 5 in Stealth
   291 | D:1      | Reached skill level 1 in Maces & Flails
   304 | D:1      | Reached XP level 3. HP: 10/20 MP: 4/4
   636 | D:1      | Reached skill level 1 in Armour
   713 | D:2      | Noticed Sigmund
   726 | D:2      | Slain by Sigmund
   727 | D:2      | Reached XP level 2. HP: -4/16 MP: 3/3
   781 | D:2      | Slain by a rat
   782 | D:2      | Reached XP level 1. HP: 0/11 MP: 2/2
   868 | D:2      | Killed from afar by a dart slug

Skill      XL: |  1  2  3 |
---------------+----------+-----
Stealth        | 5 |  5.2
Maces & Flails | 1 |  1.1
Armour         | 1 |  1.0
Fighting       | |  0.8
Dodging        | |  3.4

Action                   || total
-------------------------++-------
Melee: Whip              ||    74
       Bite              ||     6
 Stab: Sleeping          ||     6
Armor: Robe              ||    46
Dodge: Dodged            ||   141
